 Dungeon Crawl Stone Soup version 0.31.0-4-g52a2dc7128 (console) character file.

Game seed: 206748903429799979

103 AlterAsc the Changeling (level 4, -3/23 HPs)
             Began as a Spriggan Shapeshifter on Jan 21, 2024.
             Killed by divine providence
             ... invoked by an orc priest
              (13 damage)
             ... on level 3 of the Dungeon.
             The game lasted 00:06:34 (2513 turns).

AlterAsc the Changeling (Spriggan Shapeshifter)     Turns: 2513, Time: 00:06:34

Health: -3/23      AC:  4    Str: 10    XL:     4   Next: 51%
Magic:  5/5        EV: 18    Int: 11    God:
Gold:   123        SH:  0    Dex: 16    Spells: 3/3 levels left

rFire   . .          .
                       - Unarmed
rCold   + . .        (no shield)
rNeg    . . .        a - +2 animal skin
rPois   .            (helmet currently unavailable)
rElec   .            (cloak currently unavailable)
rCorr   .            (gloves unavailable)
SInv    +            (boots unavailable)
Will    .....        (no amulet)
Stlth   +            g - ring of protection from cold
HPRegen 0.23/turn    (no ring)
MPRegen 0.09/turn

%: no passive effects
@: beast-form, very quick
A: beast (slay +2), very small, no large weapons, unfitting armour, see
invisible, speed 3
a: Begin Untransformation


You were on level 3 of the Dungeon.
You were a hulking beast.
You visited 1 branch of the dungeon, and saw 3 of its levels.

You collected 123 gold pieces.

Inventory:

Missiles
 e - 6 stones (quivered)
 q - 4 poisoned darts
Armour
 a - a +2 animal skin (worn)
Jewellery
 g - a ring of protection from cold (left hand)
Talismans
 c - a beast talisman
 d - a flux talisman
Scrolls
 f - a scroll of fear {unknown}
 i - a scroll of enchant armour
 j - 2 scrolls of vulnerability {unknown}
 k - a scroll of teleportation {unknown}
 l - 2 scrolls of identify {unknown}
 o - a scroll of immolation {unknown}
Potions
 b - 3 potions of lignification
 h - 2 potions of might {unknown}
 m - a potion of mutation {unknown}
 n - a potion of magic {unknown}
 p - a potion of heal wounds {unknown}


   Skills:
 + Level 1.8 Fighting
 + Level 3.9 Dodging
 - Level 3.0 Unarmed Combat
 + Level 4.8 Shapeshifting


You had 3 spell levels left.
You didn't know any spells.
Your spell library was empty.

Dungeon Overview and Level Annotations

Branches:
Dungeon (3/15)

Altars:

Annotations:
D:3 Terence


Innate Abilities, Weirdness & Mutations

You are a hulking beast.
Your limbs bulge with bestial killing power. (Slay +2)
You are very small and have problems with some larger weapons.
You are too small for most types of armour.
You have supernaturally acute eyesight. (SInv)
You cover ground extremely quickly. (Speed+++)


Message History

Okay, then.
You open the door.
There is an open door here.
The orc throws a stone.
The stone misses you.
You punch the orc!
You kill the orc!
The orc priest shouts!
You hear a shout!
Items here: ( ) [ †.
Okay, then.
There is an open door here.
You start waiting.
An orc priest is nearby!
You closely miss the orc priest. The orc priest misses you.
You barely miss the orc priest.
The orc priest hits you with a +0 dagger.
You hit the orc priest.
The orc priest is moderately wounded.
The orc priest barely misses you.
You hit the orc priest.
The orc priest is heavily wounded.
The orc priest closely misses you.
You hit the orc priest but do no damage.
The orc priest is heavily wounded.
The orc priest calls down the wrath of Beogh upon you.
Beogh smites you!
You barely miss the orc priest.
The orc priest is heavily wounded.
The orc priest closely misses you.
You hit the orc priest.
The orc priest is severely wounded.
The orc priest hits you with a +0 dagger.
You hit the orc priest but do no damage.
The orc priest is severely wounded.
The orc priest hits you with a +0 dagger.
You hit the orc priest.
The orc priest is almost dead.
The orc priest mumbles some strange prayers to Beogh against you.
Beogh smites you!
Ouch! That really hurt!
You die...

#........ .....
#.################
#.#..............#
#.'...............
###...............
##############..
##.
##############..
###...............
#.'...............
#h#..............#
#o################
#.......#
##......#######
##........o... ..
##...o....... .
#...........
#...o......o
#...........
#...........
#...........


You could see an orc priest and an orc (wandering).

Vanquished Creatures
  4 adders
  A dart slug (D:1)
  2 ribbon worms (D:2)
  6 orcs (D:3)
  2 ball pythons
  3 bats
  5 endoplasms
  3 giant cockroaches
  4 goblins
  4 hobgoblins
  4 jackals (D:2)
  3 quokkas
  4 frilled lizards
  2 kobolds (D:2)
  4 rats (D:2)
51 creatures vanquished.

Notes
Turn   | Place    | Note
-------+----------+-------------------------------------------
     0 | D:1      | AlterAsc the Spriggan Shapeshifter began the quest for the
                  | Orb.
     0 | D:1      | Reached XP level 1. HP: 9/9 MP: 2/2
    66 | D:1      | Reached skill level 1 in Fighting
   182 | D:1      | Reached XP level 2. HP: 13/14 MP: 3/3
   292 | D:1      | Found a faded altar of an unknown god.
   869 | D:2      | Reached XP level 3. HP: 18/18 MP: 4/4
  1348 | D:2      | Reached XP level 4. HP: 22/22 MP: 5/5
  1831 | D:3      | Noticed Terence
  1878 | D:3      | Identified the +7 glaive of Ru's Approval {drain, Str+5
                  | Dex+2}
  2513 | D:3      | Killed from afar by an orc priest

Illustrated notes

Levels and vault maps discovered:
D:1:      dpeg_arrival_stone_temple_mockup, layout_basic,
          ebering_ecumenical_altar_webs, dk_noncrumbling_3,
          reono_crystal_passage, kennysheep_another_room
D:2:      layout_loops_cross, due_unseen_surprise
D:3:      layout_basic, nrook_uturn, uniq_terence

Skill      XL: |  1  2  3  4 |
---------------+-------------+-----
Fighting       | 1 |  1.8
Dodging        | 3 |  3.9
Unarmed Combat | 3 |  3.0
Shapeshifting  | |  4.8

Action                     |  1- 3 |  4- 6 || total
---------------------------+-------+-------++-------
  Melee: Unarmed           |   118 |    59 ||   177
         Punch             |       |     1 ||     1
  Throw: Stone             |     4 |    11 ||    15
    Use: Scroll            |       |     2 ||     2
   Stab: Sleeping          |     2 |       ||     2
 Armour: Animal skin       |    29 |    11 ||    40
  Dodge: Dodged            |    88 |    32 ||   120
